Map: Pillars of Gold LE

Players

AIURANIAN - Winner!

  • Race: Terran Terran
  • League: Diamond
  • Spawn Location: 1:00

Gouki

  • Race: Zerg Zerg
  • League: Diamond
  • Spawn Location: 7:00

VOD

Have the link to the VOD?

Description

Time

  • Played on: Aug. 29, 2020, 8:22 p.m.
  • Length: 31:38
Show
View Real Time Build Order
Export as new Build Order

AIURANIAN Terran - Winner!

Build Orders:  

Get SALT Encoding   

  12  0:01  SCV  
  13  0:13  SCV  
  14  0:25  SCV  
  15  0:34  Supply Depot  
  15  0:55  SCV  
  16  1:08  Barracks  
  16  1:09  SCV  
  17  1:12  Refinery  
  17  1:19  Barracks  
  17  1:21  SCV  
  18  1:26  Barracks  
  18  1:33  SCV  
  19  1:49  SCV  
  20  1:58  Reaper  
  20  2:00  Supply Depot  
  21  2:01  SCV  
  22  2:09  Bunker  
  22  2:13  SCV  
  23  2:21  Reaper, Marine  
  25  2:27  Supply Depot  
  25  2:34  Marine  
  26  2:39  Marine  
  27  2:53  Reaper  
  27  2:57  Marine  
  29  3:17  Bunker  
  29  3:32  Marine  
  30  3:40  Refinery  
  30  3:44  Command Center  
  30  3:48  Bunker  
  30  3:50  Marine  
  30  3:55  Marine  
  31  4:13  Marine  
  31  4:28  SCV  
  31  4:30  Command Center  
  31  4:31  Marine  
  33  4:49  Marine  
  34  4:54  Engineering Bay  
  34  4:57  Marine  
  35  5:05  Factory  
  35  5:07  Factory x2  
  35  5:15  Marine  
  36  5:22  SCV  
  36  5:26  Planetary Fortress  
  37  5:29  Supply Depot  
  38  5:39  Planetary Fortress  
  37  5:55  Widow Mine x2  
  37  5:56  Widow Mine  
  43  6:06  Planetary Fortress  
  43  6:17  Missile Turret  
  43  6:25  Widow Mine  
  45  6:26  SCV  
  46  6:34  Widow Mine  
  46  6:35  Widow Mine  
  46  7:03  Starport  
  46  7:05  Supply Depot, Starport  
  46  7:10  SCV  
  42  7:22  SCV x2  
  44  7:32  Widow Mine  
  44  7:34  SCV, Widow Mine  
  44  7:35  SCV  
  50  7:45  Missile Turret  
  50  7:47  SCV  
  50  7:48  SCV  
  52  7:53  Refinery  
  52  7:58  SCV, Refinery  
  53  8:09  Widow Mine x2  
  60  8:22  Starport Tech Lab x2  
  60  8:24  SCV  
  58  8:27  Missile Turret  
  58  8:29  SCV  
  59  8:36  SCV  
  55  8:41  SCV  
  55  8:44  Armory  
  55  8:46  Banshee  
  59  8:48  SCV  
  59  8:53  Widow Mine  
  59  8:54  SCV, Widow Mine  
  67  9:03  Banshee  
  67  9:07  SCV  
  69  9:19  SCV  
  70  9:29  Banshee  
  71  9:34  Widow Mine x3  
  71  9:36  SCV  
  78  9:39  Refinery  
  78  9:43  Refinery  
  78  9:46  Banshee  
  78  9:48  SCV  
  82  10:12  Banshee  
  82  10:13  Hyperflight Rotors  
  82  10:14  Cloaking Field  
  84  10:25  Supply Depot x2  
  84  10:27  Supply Depot  
  84  10:47  SCV  
  84  10:48  Banshee  
  88  10:50  Widow Mine x2  
  92  10:59  SCV  
  93  12:02  SCV  
  92  12:13  Supply Depot x2  
  92  12:14  SCV, Supply Depot x2  
  89  12:15  Supply Depot  
  88  12:26  SCV, Factory Tech Lab x3  
  89  12:34  Raven x2  
  93  12:38  SCV  
  91  13:08  SCV  
  92  13:17  Raven x2, Supply Depot x2  
  92  13:19  Supply Depot  
  96  13:20  SCV  
  96  13:22  Factory x2, Thor x3  
  115  13:29  Factory  
  115  13:31  Factory  
  115  13:32  SCV  
  116  13:49  SCV  
  116  13:53  Missile Turret  
  117  13:57  SCV  
  117  13:59  Raven  
  117  14:00  Raven  
  117  14:01  SCV, Command Center  
  123  14:05  Thor  
  123  14:09  SCV  
  124  14:13  SCV  
  125  14:21  SCV  
  125  14:25  SCV  
  110  14:33  SCV  
  110  14:37  SCV  
  110  14:42  Raven  
  110  14:43  Raven  
  110  14:44  Thor  
  110  14:45  Thor  
  126  14:47  Factory Tech Lab x2  
  126  14:48  Siege Tank  
  129  15:01  Hellion x2  
  129  15:06  Supply Depot  
  133  15:07  Supply Depot  
  133  15:20  Siege Tank  
  136  15:22  Hellion x2  
  136  15:26  Thor  
  136  15:27  Thor  
  152  15:35  Liberator  
  152  15:36  Liberator  
  158  15:44  Hellion  
  158  15:48  Infernal Pre-Igniter  
  160  15:52  Hellion x3  
  160  15:54  Hellion  
  168  16:07  Hellion  
  168  16:09  Hellion  
  168  16:11  Hellion  
  174  16:13  Hellion  
  174  16:15  Hellion  
  176  16:28  Hellion  
  113  17:02  Thor x3  
  99  17:30  Thor  
  97  17:44  Viking x2  
  83  18:07  Factory Tech Lab x2  
  65  18:22  Raven  
  64  18:38  Hellion x2  
  59  18:59  Hellion  
  59  19:00  Hellion  
  63  19:05  Armory  
  61  19:21  Hellion x2  
  60  19:54  Thor  
  60  19:55  SCV  
  53  20:07  SCV  
  54  20:18  Thor  
  55  20:54  Thor  
  61  21:02  Hellion  
  52  21:24  Hellion  
  54  21:28  Viking  
  56  21:38  Hellion  
  58  21:47  Thor  
  63  22:17  Widow Mine  
  65  22:30  Widow Mine  
  67  22:38  Widow Mine  
  67  22:41  Command Center  
  65  23:00  Widow Mine x2  
  61  24:37  Widow Mine  
  61  24:38  Widow Mine  
  36  24:45  Supply Depot  
  36  24:49  Supply Depot  
  36  24:50  Supply Depot  
  32  24:58  Widow Mine  
  32  24:59  Widow Mine  
  33  25:20  Widow Mine  
  33  25:45  Viking  
  33  26:08  Starport Tech Lab  
  33  26:34  Banshee  
  33  28:52  Liberator  
  36  28:59  Refinery  
  36  29:33  Refinery  
  36  29:45  SCV  
  37  29:57  SCV  
  38  30:03  Engineering Bay  
  38  30:23  Supply Depot  
  38  30:45  SCV  
  39  30:57  SCV  
  40  31:05  Starport Tech Lab  
  40  31:17  Hellion x2  
  44  31:28  Supply Depot  
  44  31:30  Supply Depot  
Show
View Real Time Build Order
Export as new Build Order

Gouki Zerg 

Build Orders: Hatch First, Swarm Host 

Get SALT Encoding   

  12  0:03  Drone  
  13  0:19  Drone  
  13  0:20  Overlord  
  14  0:41  Drone x3  
  17  0:56  Hatchery  
  16  0:59  Drone  
  16  1:03  Drone  
  18  1:12  Extractor  
  17  1:18  Spawning Pool  
  17  1:23  Drone  
  17  1:25  Drone  
  18  1:34  Drone  
  19  2:00  Drone  
  20  2:05  Zergling x2  
  20  2:07  Queen  
  23  2:09  Overlord  
  23  2:10  Queen  
  23  2:11  Zergling x2  
  26  2:19  Drone  
  26  2:20  Drone, Metabolic Boost  
  27  3:02  Queen  
  28  3:06  Hatchery  
  28  3:09  Zergling x12  
  32  3:38  Drone x3  
  34  4:05  Drone  
  34  4:06  Overlord, Drone  
  34  4:07  Overlord  
  36  4:11  Lair  
  32  4:32  Extractor  
  32  4:38  Roach Warren  
  30  4:41  Overlord  
  30  4:48  Drone x2  
  32  5:08  Drone x4  
  32  5:09  Drone x14  
  50  5:20  Roach x2  
  54  5:23  Extractor  
  53  5:31  Roach x2  
  57  5:48  Nydus Network  
  56  5:50  Roach  
  58  6:06  Overlord x2  
  58  6:08  Overlord  
  58  6:25  Roach x8  
  74  6:26  Roach  
  76  6:39  Infestation Pit  
  73  6:52  Hatchery, Queen  
  74  6:59  Queen  
  74  7:00  Extractor  
  74  7:02  Drone x2  
  74  7:12  Spore Crawler  
  69  7:18  Overlord x3  
  69  7:27  Glial Reconstitution  
  69  7:44  Swarm Host x7  
  90  7:51  Nydus Canal  
  90  8:12  Drone x8  
  98  8:45  Overlord x4  
  98  8:50  Overlord x4  
  98  9:11  Swarm Host x8  
  98  9:12  Evolution Chamber x2  
  120  9:56  Drone x12  
  120  9:58  Drone  
  120  9:59  Drone x11  
  144  10:03  Extractor  
  144  10:05  Zerg Missile Weapons Level 1, Zerg Ground Armor Level 1, Extractor  
  144  10:06  Hive  
  142  10:32  Spore Crawler  
  142  10:35  Spore Crawler  
  140  10:50  Hatchery, Extractor  
  140  10:55  Extractor  
  113  11:42  Spire  
  113  11:44  Burrow  
  112  11:47  Hydralisk Den  
  109  12:09  Spore Crawler  
  109  12:11  Spore Crawler x4  
  104  12:18  Spore Crawler  
  104  12:19  Spore Crawler  
  98  12:24  Overseer x2  
  98  12:25  Overseer  
  98  12:28  Hydralisk x15  
  98  12:29  Hydralisk x20  
  158  12:32  Overseer x4  
  147  13:11  Greater Spire  
  147  13:14  Drone x2  
  147  13:15  Drone x11  
  160  13:22  Overseer x7  
  160  13:26  Corruptor  
  162  13:27  Overlord  
  162  13:28  Overlord x4  
  162  13:52  Zerg Missile Weapons Level 2  
  162  13:53  Zerg Ground Armor Level 2  
  162  13:55  Corruptor x3  
  154  14:44  Lurker Den  
  153  14:46  Brood Lord, Corruptor  
  153  14:47  Corruptor x5  
  167  15:23  Overlord x2  
  167  15:30  Queen  
  167  15:33  Brood Lord x3  
  175  15:36  Hatchery  
  174  15:43  Seismic Spines  
  174  15:47  Lurker x2  
  176  15:50  Lurker  
  177  16:03  Lurker x2  
  179  16:30  Corruptor x4  
  172  16:40  Adaptive Talons  
  106  17:08  Corruptor x4  
  90  17:39  Roach  
  90  17:40  Roach x11  
  90  17:41  Roach  
  103  18:51  Brood Lord  
  103  18:52  Brood Lord x3  
  81  20:11  Brood Lord  
  81  20:12  Brood Lord  
  83  20:31  Roach  
  83  20:32  Roach x3  
  60  21:38  Zergling x4  
  62  22:01  Corruptor  
  64  22:09  Overlord x3  
  60  22:19  Hatchery  
  53  23:07  Roach  
  53  23:08  Roach x9  
  53  23:30  Overseer x14  
  53  23:55  Roach  
  38  24:10  Zergling x2  
  38  24:11  Zergling x42  
  50  24:48  Drone x2  
  28  27:18  Overseer x10  
  20  30:52  Drone  
  21  31:24  Drone  
Tags
 
Add a new tag
Caveats
  • Supply blocks, unpowered buildings, or Contaminate may cause inaccurate times.
  • Supply counts are checked every 10 seconds.